Map: Orbital Shipyard

Players

Shura (Scarlett) - Winner!

  • Race: Zerg Zerg
  • League: Master

AiLillekanin (Lillekanin)

  • Race: Terran Terran
  • League: Master

Event: DreamHack ZOWIE Open Leipzig

VOD

Have the link to the VOD?

Description

Time

  • Played on: Jan. 22, 2016, 8:45 a.m.
  • Length: 18:58

All games in this series

Show
View Real Time Build Order
Export as new Build Order

Shura Zerg - Winner!

Build Orders: Hatch First 

Get SALT Encoding   

  12  0:00  Drone  
  13  0:08  Drone  
  14  0:17  Overlord  
  14  0:22  Extractor  
  14  0:23  Drone  
  15  0:35  Drone x2  
  17  0:53  Hatchery  
  17  0:56  Drone  
  17  1:00  Drone  
  18  1:11  Spawning Pool  
  18  1:14  Drone  
  18  1:18  Drone  
  19  1:38  Hatchery  
  18  1:40  Drone  
  19  1:48  Overlord  
  19  1:58  Zergling x2, Queen  
  22  2:06  Queen  
  24  2:10  Drone  
  24  2:13  Drone  
  24  2:15  Drone  
  27  2:18  Drone  
  29  2:22  Drone  
  29  2:30  Extractor  
  29  2:33  Queen  
  30  2:39  Overlord, Drone x2  
  33  2:47  Queen  
  35  3:02  Zergling x4  
  35  3:03  Queen  
  35  3:04  Drone x2, Overlord  
  41  3:15  Drone x4  
  41  3:16  Drone  
  46  3:20  Overlord  
  46  3:24  Drone x2  
  46  3:26  Drone  
  46  3:27  Drone  
  44  3:43  Queen x3  
  44  3:45  Drone  
  50  3:54  Drone x4  
  54  3:56  Extractor  
  54  3:57  Extractor  
  54  4:00  Drone x3  
  54  4:01  Roach Warren  
  52  4:14  Zergling x4  
  52  4:15  Zergling x12  
  57  4:19  Queen  
  55  4:35  Overlord  
  55  4:36  Queen x2  
  55  4:37  Drone  
  55  4:38  Drone x4  
  64  4:43  Metabolic Boost  
  64  4:45  Roach  
  65  4:50  Roach  
  64  5:00  Drone x6  
  64  5:01  Queen  
  64  5:03  Extractor  
  64  5:04  Extractor  
  64  5:05  Spore Crawler  
  69  5:11  Overlord  
  69  5:12  Roach  
  69  5:13  Roach  
  69  5:23  Roach  
  69  5:24  Roach x2  
  69  5:26  Queen  
  72  5:32  Roach x2  
  74  5:36  Drone x2  
  74  5:39  Drone x2  
  74  5:40  Drone  
  74  5:41  Evolution Chamber x2, Drone  
  78  5:54  Roach x2  
  79  6:01  Ravager  
  79  6:02  Overlord, Drone  
  79  6:03  Drone  
  82  6:09  Overlord  
  82  6:10  Lair  
  79  6:11  Zerg Ground Armor Level 1  
  79  6:12  Drone x3, Overlord  
  79  6:13  Overlord  
  82  6:24  Overlord, Drone  
  82  6:25  Drone x4  
  87  6:27  Queen  
  87  6:28  Extractor  
  87  6:29  Extractor  
  87  6:33  Drone  
  88  6:43  Queen  
  89  6:51  Drone x8  
  97  7:03  Drone x6  
  103  7:11  Roach  
  103  7:12  Roach x3  
  103  7:15  Glial Reconstitution  
  111  7:16  Drone  
  111  7:17  Drone x2  
  111  7:18  Infestation Pit, Overseer  
  113  7:25  Spire  
  113  7:26  Drone x2  
  114  7:34  Hatchery  
  113  7:37  Spore Crawler  
  113  7:41  Overlord x7  
  112  7:52  Ravager x2  
  112  7:55  Pathogen Glands  
  114  8:02  Overseer  
  114  8:04  Roach x7  
  128  8:09  Drone x5  
  128  8:10  Zerg Missile Weapons Level 1  
  133  8:13  Zerg Ground Armor Level 2  
  128  8:26  Drone x4  
  128  8:30  Ravager x3  
  127  8:35  Drone  
  127  8:36  Drone x2  
  122  8:49  Mutalisk  
  122  8:50  Mutalisk x3  
  128  9:08  Drone x5  
  132  9:15  Drone x4  
  132  9:16  Drone  
  133  9:35  Drone x2  
  133  9:36  Hive  
  132  9:38  Drone  
  132  9:39  Drone x5  
  132  9:45  Extractor  
  137  9:52  Drone  
  138  9:53  Hatchery, Drone x4  
  138  9:56  Infestor x2  
  138  9:57  Overlord  
  145  10:01  Overlord  
  145  10:06  Infestor x2  
  147  10:10  Extractor  
  147  10:13  Infestor x3  
  152  10:33  Spore Crawler, Spine Crawler  
  152  10:34  Spine Crawler  
  152  10:35  Spine Crawler  
  148  10:36  Drone  
  148  10:37  Drone x3, Overlord x2  
  148  10:39  Zerg Missile Weapons Level 2  
  148  10:41  Zerg Melee Weapons Level 1  
  152  10:46  Extractor  
  151  10:50  Extractor  
  151  10:53  Ravager x7  
  151  10:54  Drone x2  
  151  10:55  Drone x2  
  161  11:11  Viper x2  
  167  11:26  Spine Crawler  
  167  11:27  Spine Crawler x2  
  167  11:28  Roach  
  167  11:29  Spine Crawler, Roach x5  
  172  11:39  Greater Spire  
  169  11:41  Spire  
  167  11:48  Drone x6  
  173  11:59  Zergling x4  
  175  12:16  Viper  
  175  12:17  Viper x3  
  174  12:47  Hatchery, Drone  
  174  12:48  Drone x21, Spine Crawler  
  193  12:52  Hatchery  
  190  12:59  Spore Crawler  
  190  13:02  Spine Crawler  
  188  13:06  Drone x2  
  190  13:17  Spine Crawler  
  190  13:18  Spine Crawler x2  
  187  13:20  Spine Crawler  
  187  13:21  Spore Crawler, Spine Crawler  
  187  13:24  Zerg Ground Armor Level 3, Spore Crawler, Zerg Missile Weapons Level 3  
  187  13:26  Zerg Flyer Weapons Level 1, Zerg Flyer Armor Level 1  
  183  13:31  Infestor x4  
  183  13:32  Viper  
  194  14:03  Extractor  
  194  14:08  Extractor  
  194  14:09  Zergling x2, Extractor  
  192  14:16  Corruptor x4  
  193  14:44  Corruptor x5  
  177  15:08  Roach x5  
  177  15:09  Roach x5  
  193  15:23  Zerg Flyer Weapons Level 2  
  188  15:31  Roach x7  
  188  15:32  Roach x2  
  174  15:47  Roach  
  174  15:48  Roach x13  
  179  15:55  Roach x3  
  174  16:02  Extractor  
  173  16:07  Zerg Melee Weapons Level 2  
  173  16:08  Adrenal Glands  
  173  16:10  Drone, Ultralisk Cavern  
  173  16:14  Ravager x9  
  173  16:16  Hatchery, Roach x9  
  199  16:30  Hatchery  
  194  16:39  Viper x2  
  192  17:17  Viper x2  
  198  17:24  Spore Crawler, Spine Crawler x2  
  198  17:26  Spore Crawler, Spine Crawler  
  198  17:28  Corruptor  
  198  17:29  Corruptor x2  
  199  17:32  Extractor  
  166  17:54  Roach  
  166  17:55  Roach x18  
  164  18:08  Corruptor  
  164  18:09  Corruptor x2  
  164  18:10  Roach x5  
Show
View Real Time Build Order
Export as new Build Order

AiLillekanin Terran 

Build Orders: Hellbat Liberator, Mass Reaper, Mech 

Get SALT Encoding   

  12  0:00  SCV  
  13  0:13  SCV  
  14  0:18  Supply Depot  
  14  0:25  SCV  
  15  0:40  SCV  
  15  0:41  Barracks  
  16  0:46  Refinery  
  16  0:52  SCV  
  17  0:59  Barracks  
  17  1:04  SCV  
  18  1:16  SCV  
  19  1:28  Orbital Command  
  19  1:29  Reaper  
  20  1:40  Supply Depot  
  20  1:47  Reaper  
  21  1:54  SCV  
  22  2:06  SCV  
  22  2:07  Reaper  
  24  2:15  Command Center  
  24  2:17  Refinery  
  24  2:18  SCV  
  25  2:32  Reaper  
  26  2:37  SCV  
  26  2:38  Supply Depot  
  27  2:46  Reaper  
  27  2:49  SCV  
  29  3:02  SCV  
  29  3:04  Reaper  
  31  3:06  Command Center  
  31  3:18  Reaper  
  32  3:20  SCV  
  33  3:28  Factory  
  33  3:36  Reaper  
  33  3:50  Reaper  
  33  3:51  SCV  
  33  3:55  Orbital Command  
  35  3:56  Refinery  
  35  4:03  SCV  
  35  4:08  Reaper  
  37  4:16  Factory  
  37  4:22  Marine  
  38  4:31  SCV, Orbital Command  
  38  4:32  Factory Reactor  
  38  4:36  SCV  
  39  4:39  Starport  
  39  4:43  SCV  
  40  4:52  Reaper  
  41  4:54  SCV  
  41  4:55  SCV  
  41  4:58  Reaper, Orbital Command  
  43  5:06  SCV  
  44  5:07  SCV  
  44  5:09  Factory Tech Lab  
  45  5:18  SCV  
  45  5:19  SCV  
  46  5:24  Reaper  
  46  5:30  SCV  
  46  5:31  SCV  
  47  5:35  Starport Reactor  
  47  5:38  Hellion x3  
  47  5:40  Refinery  
  47  5:42  SCV  
  54  5:43  SCV  
  54  5:44  SCV  
  54  5:49  Factory  
  56  5:54  SCV  
  56  5:55  SCV  
  56  5:56  SCV  
  59  5:59  Hellion x2  
  63  6:06  SCV  
  63  6:08  SCV x2, Liberator x2  
  63  6:10  Siege Tank  
  68  6:18  SCV  
  68  6:24  Supply Depot  
  77  6:25  SCV x2  
  77  6:31  SCV, Hellion x2  
  82  6:36  Supply Depot  
  82  6:37  Supply Depot, SCV x2  
  84  6:43  SCV  
  83  6:49  Hellion  
  83  6:50  SCV x2  
  83  6:51  Liberator x2  
  83  6:52  Hellion  
  87  6:55  SCV  
  87  6:58  Refinery  
  87  6:59  Refinery  
  88  7:02  SCV x2  
  88  7:07  Armory, SCV  
  96  7:08  Armory  
  96  7:09  Hellion  
  96  7:10  Hellion  
  96  7:14  SCV x2  
  102  7:19  SCV  
  103  7:26  SCV x2  
  103  7:29  Command Center  
  105  7:31  SCV  
  105  7:34  Factory x2  
  106  7:38  SCV x2  
  106  7:40  Supply Depot x2  
  106  7:41  Supply Depot  
  106  7:43  Factory Tech Lab, SCV  
  109  7:45  Liberator x2  
  109  7:50  Infernal Pre-Igniter  
  109  8:02  SCV x3, Siege Tank  
  109  8:03  Supply Depot  
  109  8:04  Supply Depot  
  109  8:05  Supply Depot  
  121  8:10  Engineering Bay  
  121  8:11  Supply Depot  
  121  8:12  Supply Depot  
  121  8:14  SCV x3  
  121  8:15  Terran Vehicle And Ship Armor Level 1, Terran Vehicle Weapons Level 1  
  123  8:26  SCV x3  
  124  8:28  Factory Tech Lab x2, Siege Tank  
  124  8:29  Liberator  
  124  8:30  Hellbat  
  129  8:37  Siege Tank  
  129  8:39  Hellion  
  131  8:52  Hellion  
  131  8:53  Siege Tank  
  131  8:55  Command Center  
  136  9:00  Hellion, Missile Turret  
  136  9:01  Hellion, Missile Turret  
  140  9:03  SCV  
  140  9:04  Cyclone  
  140  9:07  Missile Turret  
  141  9:10  Liberator  
  141  9:11  Missile Turret  
  141  9:16  Cyclone  
  144  9:22  Cyclone  
  147  9:33  Missile Turret  
  147  9:34  Hellion x3, Missile Turret  
  147  9:35  Missile Turret  
  147  9:36  Missile Turret  
  150  9:39  Cyclone  
  153  9:47  Missile Turret x3  
  153  9:49  Hellion  
  152  9:54  Hellion  
  152  9:55  Cyclone, Hellion x2  
  152  9:56  Command Center  
  161  10:04  Mag-Field Accelerator  
  161  10:10  Cyclone  
  161  10:11  SCV x2  
  161  10:14  Cyclone, Orbital Command  
  169  10:16  Hellion x2  
  173  10:22  Refinery  
  173  10:23  Planetary Fortress  
  173  10:26  Refinery  
  173  10:27  Barracks Tech Lab  
  173  10:30  Barracks Reactor, Missile Turret x3  
  173  10:32  Hellion x2  
  177  10:35  Hellion x5  
  177  10:38  Cyclone  
  177  10:39  Hellion x3  
  177  10:42  Hellion  
  184  10:48  Terran Vehicle Weapons Level 2  
  184  10:52  Hellion  
  184  10:53  Hellion x2  
  190  10:57  Sensor Tower  
  190  11:01  Hellion, Liberator  
  191  11:07  Cyclone  
  191  11:09  Terran Vehicle And Ship Armor Level 2  
  188  11:27  Cyclone  
  189  11:37  Cyclone  
  189  11:38  Barracks Tech Lab  
  178  11:48  Cyclone  
  178  11:50  Command Center, Refinery  
  177  11:55  Cyclone  
  180  12:04  Ghost Academy  
  180  12:06  Barracks  
  180  12:09  Cyclone  
  180  12:12  Starport  
  183  12:21  Cyclone  
  184  12:29  Cyclone  
  175  12:46  Cyclone x2  
  175  12:47  Refinery  
  175  12:48  Liberator x2  
  175  12:50  Hellion x2  
  173  12:53  Cyclone  
  173  12:56  Starport Tech Lab  
  173  12:57  Liberator  
  176  13:09  Refinery  
  176  13:11  Missile Turret  
  179  13:13  Missile Turret  
  177  13:29  Terran Vehicle Weapons Level 3  
  173  13:36  Liberator x2  
  172  13:53  Terran Vehicle And Ship Armor Level 3  
  177  14:05  Raven  
  176  14:10  Starport x2  
  176  14:19  Liberator  
  176  14:50  Cyclone x4  
  182  15:00  Hellion x2  
  177  15:14  Ghost  
  177  15:16  Ghost  
  181  15:22  Hellion x2, Cyclone  
  181  15:23  Hellion x2  
  181  15:26  Planetary Fortress  
  192  15:35  Hellion  
  194  15:37  Refinery  
  194  15:42  Refinery, Ghost  
  172  15:43  Hellion x2  
  172  15:44  Hellion x2  
  147  15:54  Hellion  
  147  15:56  SCV, Hellion  
  120  16:00  Liberator  
  120  16:01  Liberator x2  
  120  16:02  SCV x2  
  120  16:03  Ghost  
  121  16:04  SCV, Hellion  
  121  16:05  Hellion x3  
  121  16:09  SCV  
  121  16:11  Ghost  
  130  16:15  Starport Tech Lab x2  
  130  16:16  Hellion  
  130  16:17  Hellion  
  142  16:20  Terran Ship Weapons Level 1  
  142  16:22  Barracks Tech Lab  
  145  16:26  Hellion x2  
  145  16:27  Hellion x2  
  145  16:31  Planetary Fortress  
  153  16:39  Cyclone  
  156  16:46  Hellion  
  157  16:47  Hellion x2  
  157  16:48  Hellion  
  157  16:51  Cyclone  
  160  17:09  Missile Turret  
  160  17:14  Fusion Core  
  160  17:15  Cyclone  
  160  17:23  Widow Mine  
  160  17:25  Siege Tank  
  165  17:33  SCV  
  166  17:38  Missile Turret  
  166  17:40  Missile Turret  
  128  18:03  Cyclone  
  128  18:04  Cyclone x2  
  110  18:06  Cyclone  
  110  18:07  Hellion  
  107  18:13  Hellion  
  100  18:23  SCV  
  100  18:24  SCV x2  
  95  18:28  Hellion  
  95  18:32  Refinery  
  95  18:33  Refinery  
  103  18:46  SCV  

Tags
 
Add a new tag
Caveats
  • Supply blocks, unpowered buildings, or Contaminate may cause inaccurate times.
  • Supply counts are checked every 10 seconds.